 Dungeon Crawl Stone Soup version 0.26.1-11-gd32895ea62 (webtiles) character file.

Game seed: 5377422720329791968

198068 raph the Brawler (level 17, -2/170 HPs)
             Began as a Troll Berserker on May 18, 2021.
             Was a High Priest of Trog.
             Slain by Asterion
             ... wielding a +2 demon whip of venom
              (4 damage)
             ... on level 1 of the Snake Pit.
             The game lasted 01:13:42 (33280 turns).

raph the Brawler (Troll Berserker)                 Turns: 33280, Time: 01:13:43

Health: -2/170     AC: 19    Str: 39    XL:     17   Next: 80%
Magic:  16/16      EV: 13    Int:  5    God:    Trog [*****.]
Gold:   319        SH:  5    Dex: 14    Spells: 16/16 levels left

rFire    . . .     SeeInvis .     - Unarmed
rCold    . . .     Faith    .   (no shield)
rNeg     . . .     Spirit   .   c - +4 acid dragon scales
rPois    +         Reflect  +   X - +2 hat
rElec    +         Harm     .   x - +1 cloak
rCorr    +         Rampage  .   (gloves unavailable)
Will     +++..                  (boots unavailable)
Stlth    +.........             I - amulet of reflection
HPRegen  1.78/turn              d - ring of Taeted {rPois rCorr Str+4}
MPRegen  0.15/turn              V - ring "Lythreza" {rElec Str+6 Int+2}

@: lethally poisoned (-2 -> -2), about to teleport, regenerating, constricted,
studying Dodging
A: large, unfitting armour, claws 3, regeneration 1, shaggy fur 1, tough skin 3
}: 1/15 runes: barnacled
a: Renounce Religion, Berserk, Trog's Hand, Brothers in Arms


You were on level 1 of the Snake Pit.
You worshipped Trog.
Trog was extremely pleased with you.
You visited 5 branches of the dungeon, and saw 28 of its levels.
You also visited: Bailey.

You collected 3023 gold pieces.
You spent 2704 gold pieces at shops.

Inventory:

Hand Weapons
 q - the +4 quick blade "Moxau" {vorpal, +Blink Will- Stlth+}
   (Trog gifted it to you on level 9 of the Dungeon)

   It inflicts extra damage upon your enemies.
   It affects your willpower, your defense against some magical effects.
   It lets you blink.
   It makes you more stealthy.
 U - a +0 giant spiked club
Missiles
 p - 34 silver javelins
 r - 58 poisoned darts
 A - 27 javelins
 Y - 27 large rocks (quivered)
Armour
 c - +4 acid dragon scales (worn)
 x - a +1 cloak (worn)
 X - a +2 hat (worn)
Jewellery
 d - the ring of Taeted (left claw) {rPois rCorr Str+4}
   (You bought it in a shop on level 2 of the Orcish Mines)

   [ring of resist corrosion]

   It affects your strength (+4).
   It protects you from poison.
   It provides partial protection from all sources of acid and corrosion.
 n - the ring "Nues" {rElec rC+ Str+4 Dex+3}
   (You found it on level 6 of the Lair of Beasts)

   [ring of protection from cold]

   It affects your strength (+4).
   It affects your dexterity (+3).
   It protects you from cold.
   It insulates you from electricity.
 I - an amulet of reflection (around neck)
 N - the ring "Feil" {+Fly Str+3 Slay+2}
   (You bought it in a shop on level 2 of the Orcish Mines)

   [ring of flight]

   It affects your strength (+3).
   It affects your accuracy and damage with ranged weapons and melee attacks
   (+2).
   It lets you fly.
 V - the ring "Lythreza" (right claw) {rElec Str+6 Int+2}
   (You bought it in a shop on level 5 of the Dungeon)

   [ring of strength]

   It affects your strength (+6).
   It affects your intelligence (+2).
   It insulates you from electricity.
 W - an uncursed ring of see invisible
Wands
 a - a wand of enslavement (24)
 m - a wand of digging (6)
 o - a wand of polymorph (10)
 z - a wand of flame (12)
 B - a wand of iceblast (31)
 J - a wand of acid (6)
 M - a wand of disintegration (48)
Scrolls
 e - 7 scrolls of teleportation
 f - a scroll of brand weapon
 h - 3 scrolls of magic mapping
 k - 11 scrolls of remove curse
 l - a scroll of fear
 y - 2 scrolls of enchant weapon
 H - a scroll of enchant armour
 P - 5 scrolls of fog
 S - 5 scrolls of identify
Potions
 b - 2 potions of might
 g - 5 potions of flight
 s - 11 potions of curing
 t - 5 potions of resistance
 u - a potion of ambrosia
 v - 4 potions of magic
 w - 2 potions of invisibility
 C - 3 potions of attraction
 D - 5 potions of haste
 E - 2 potions of mutation
 F - 7 potions of heal wounds
 R - a potion of cancellation
Books
 j - a manual of Dodging
Miscellaneous
 i - a condenser vane
 G - a phial of floods
 L - a box of beasts
 T - a phantom mirror


   Skills:
 + Level 11.2 Fighting
 * Level 12.7 Throwing
 + Level 6.1 Armour
 + Level 11.8 Dodging
 * Level 18.2 Unarmed Combat
 + Level 7.3 Evocations


You had 16 spell levels left.
You didn't know any spells.
Your spell library was empty.

Dungeon Overview and Level Annotations

Branches:
Dungeon (15/15) Temple (0/1) D:5 Lair (6/6) D:10 Shoals (4/4) Lair:2 Snake (1/4) Lair:2 Slime (0/5) Lair:6 Orc (2/2) D:12 Elf (0/3) Orc:2 Vaults (0/5) D:13 D:14 Depths (0/5) D:15 Bailey (visited)

Altars:
Gozag
Makhleb
Nemelex Xobeh
Sif Muna
Uskayaw
Vehumet
Zin
Beogh
Jiyva

Shops:
D:4 =   D:5 =   D:6 :**   D:9 !   D:13 [   D:15 !   Orc:2 :*=?   Snake:1 }}=

Annotations:
Lair:1 exclusion: 3 oklob plants
Lair:4 3 runed translucent doors, Muaziggi's ghost, journeyman GnIE
Shoals:4 Kirke
Snake:1 Agnes; Asterion
Orc:2 3 runed translucent doors, kthxbai's ghost, journeyman BaIE


Innate Abilities, Weirdness & Mutations

You are too large for most types of armour.
You have claws for hands.
Your natural rate of healing is unusually fast.
You are covered in fur. (AC +1)
You have extremely tough skin. (AC +3)


Message History

Your skin crawls.
You feel strong-willed. The guardian serpent hits you!
* * * LOW HITPOINT WARNING * * *
Agnes hits you with a +4 lajatang of electrocution!
* * * LOW HITPOINT WARNING * * *
The naga warrior barely misses you. The naga warrior constricts you.
The guardian serpent hits you.
* * * LOW HITPOINT WARNING * * *
The salamander hits you from afar with a +1 vorpal halberd.
* * * LOW HITPOINT WARNING * * *
You are engulfed in flames!
* * * LOW HITPOINT WARNING * * *
x2 You feel much better.
You feel sick.
Agnes hits you with a +4 lajatang of electrocution!!
* * * LOW HITPOINT WARNING * * *
The guardian serpent casts a spell at you.
The naga warrior blinks!
Asterion blinks!
Asterion hits you with a +2 demon whip of venom.
You die...

≈.≈ ...... ...... ...
...... .S(. ......#
###.(. ........###
##.#.).#.
#...........###N...##§.
.##[..........Ni@S§......
..............##NH.......
#...........###.........
#...........##..........
##...........##..........
. #..........##..........
.##.........##...........
...#.......##........../.
..##.......###...........


You could see Asterion (resistant), 2 naga warriors, Agnes, a salamander and a
guardian serpent.

Vanquished Creatures
  Rupert (Lair:6)
  Gastronok (Lair:1)
  Ilsuiw (Shoals:2)
  An orc warlord (Bailey)
  Nessos (D:14)
  3 merfolk javelineers
  Josephine (Shoals:1)
  4 merfolk impalers
  7 hydras
  Fannar (D:11)
  2 boulder beetles
  6 merfolk avatars
  A naga warrior (Snake:1)
  6 centaur warriors
  A catoblepas (Lair:6)
  8 merfolk aquamancers
  4 two-headed ogres
  2 anacondas (Snake:1)
  3 orc high priests (Orc:2)
  6 death yaks
  A shock serpent (Snake:1)
  Urug (D:11)
  2 naga sharpshooters (Snake:1)
  9 sea snakes
  An unseen horror (D:15)
  2 orc knights
  A swamp dragon (shapeshifter) (D:13)
  2 wolf spider zombies
  An orb spider (shapeshifter) (D:15)
  An oklob plant (Lair:3)
  12 harpies
  10 fauns
  9 ugly things
  2 deep elf magi
  5 cyclopes
  An orc sorcerer (Orc:1)
  A salamander (shapeshifter) (D:15)
  7 elephants
  9 manticores
  10 merfolk sirens
  6 black mambas
  2 naga magi (Snake:1)
  Joseph (D:7)
  7 water nymphs
  Psyche (D:8)
  A cane toad (shapeshifter) (D:15)
  16 cane toads
  2 torpor snails
  A gargoyle (D:14)
  3 centaur skeletons
  Maggie (D:6)
  2 kobold demonologists (D:15)
  7 komodo dragons
  A yaktaur (D:13)
  2 rime drakes
  27 merfolk
  6 trolls
  2 raiju (Lair:6)
  A hornet (D:6)
  6 polar bears (Lair:6)
  A polar bear (shapeshifter) (D:13)
  5 wind drakes
  16 slime creatures
  Prince Ribbit (D:8)
  20 blink frogs
  8 snapping turtles
  10 dream sheep
  A meliai zombie (D:14)
  7 water elementals
  7 wraiths
  16 humans
  3 shadows
  A hog (Shoals:4)
  5 wyverns
  4 basilisks
  64 yaks
  A hog (shapeshifter) (D:15)
  2 vampire mosquitoes (D:14)
  A soldier ant (D:12)
  4 wargs (Lair:6)
  18 water moccasins
  12 hell hounds (Lair:6)
  7 nagas
  A floating eye (shapeshifter) (D:15)
  11 black bears
  6 phantoms
  37 orc warriors
  3 sky beasts
  A hornet zombie (D:13)
  5 ice beasts
  20 wolves
  9 centaurs
  9 ogres
  2 boggarts (D:15)
  3 big kobolds
  22 bullfrogs
  A wyvern zombie (D:11)
  4 scorpions
  31 wights
  9 killer bees
  2 electric eels
  A howler monkey (D:9)
  A bullfrog zombie (D:5)
  4 centaur zombies
  A wyvern simulacrum (D:15)
  9 hounds
  A quasit (D:9)
  8 jellies
  6 bullfrog skeletons
  Crazy Yiuf (D:6)
  37 orc priests
  25 orc wizards
  A gnoll shaman (D:9)
  Ijyb (D:3)
  9 worker ants
  Natasha (thrice) (D:3)
  5 hell rats
  2 hound zombies (D:7)
  2 worker ant zombies
  10 gnolls
  21 adders
  3 shadow imps
  4 white imps
  An ufetubus (D:6)
  2 adder zombies (D:9)
  A worm (D:4)
  A dart slug (D:1)
  4 leopard geckos
  113 orcs
  8 bats
  2 giant cockroaches (D:1)
  29 goblins
  24 hobgoblins
  17 jackals
  6 quokkas
  6 frilled lizards
  21 kobolds
  A leopard gecko zombie (D:6)
  A quokka skeleton (D:6)
  8 rats
1032 creatures vanquished.

Vanquished Creatures (collateral kills)
  A merfolk javelineer (Shoals:2)
  4 hydras
  A catoblepas (Lair:4)
  An orc high priest (Orc:2)
  A sea snake (Shoals:1)
  2 fauns (Shoals:3)
  3 manticores (Shoals:1)
  A merfolk siren (Shoals:3)
  An elephant (Lair:4)
  A cane toad (Lair:4)
  3 polar bears (Lair:6)
  A merfolk (Shoals:2)
  2 yaks
  A steam dragon (Lair:4)
  2 wargs (Lair:6)
  A hell hound (Lair:6)
  2 water moccasins (Lair:4)
  2 black bears (Lair:6)
  A wolf (Lair:6)
  An electric eel (Shoals:1)
  3 orc priests (Orc:2)
  An orc wizard (Orc:2)
36 creatures vanquished.

Vanquished Creatures (others)
  A yak (Lair:4)
  A wolf (Lair:6)
  An orc wizard (Orc:2)
  An orc (D:6)
  22 fungi
  80 plants
106 creatures vanquished.

Grand Total: 1174 creatures vanquished

Notes
Turn   | Place    | Note
-------+----------+-------------------------------------------
     0 | D:1      | raph the Troll Berserker began the quest for the Orb.
     0 | D:1      | Reached XP level 1. HP: 22/22 MP: 0/0
   307 | D:1      | Reached XP level 2. HP: 29/29 MP: 1/1
   667 | D:1      | Reached skill level 4 in Unarmed Combat
  1238 | D:2      | Reached XP level 3. HP: 36/36 MP: 2/2
  1446 | D:2      | Reached ** piety under Trog
  1691 | D:2      | Reached XP level 4. HP: 40/44 MP: 3/3
  1769 | D:2      | Reached skill level 5 in Unarmed Combat
  1986 | D:3      | Noticed Ijyb
  1991 | D:3      | Killed Ijyb
  2213 | D:3      | Reached XP level 5. HP: 46/50 MP: 4/4
  2490 | D:3      | Noticed Natasha
  2499 | D:3      | Killed Natasha
  2500 | D:3      | Reached skill level 6 in Unarmed Combat
  2737 | D:3      | Noticed Natasha
  2744 | D:3      | Killed Natasha
  2791 | D:3      | Noticed Natasha
  2796 | D:3      | Killed Natasha
  2949 | D:4      | Reached XP level 6. HP: 54/59 MP: 5/5
  2984 | D:4      | Reached skill level 7 in Unarmed Combat
  2986 | D:4      | Reached *** piety under Trog
  3334 | D:4      | Found Gadeipho's Jewellery Emporium.
  3351 | D:5      | Entered Level 5 of the Dungeon
  3580 | D:5      | Reached skill level 8 in Unarmed Combat
  3646 | D:5      | Reached XP level 7. HP: 66/66 MP: 6/6
  3683 | D:5      | Found a staircase to the Ecumenical Temple.
  3702 | D:5      | Found Requkhuxt's Jewellery Boutique.
  3782 | D:5      | Found a radiant altar of Vehumet.
  3916 | D:5      | Found a sparkling altar of Nemelex Xobeh.
  4048 | D:5      | Found a glowing silver altar of Zin.
  4138 | D:6      | Found Ohahutip's General Store.
  4290 | D:6      | Found Houjewn's Book Boutique.
  4318 | D:6      | Noticed Maggie
  4332 | D:6      | Noticed a hornet
  4575 | D:6      | Killed Maggie
  4576 | D:6      | Reached skill level 9 in Unarmed Combat
  4576 | D:6      | Reached XP level 8. HP: 78/78 MP: 7/7
  4661 | D:6      | Found Puomm's Assorted Antiques.
  4691 | D:6      | Paralysed by a hornet for 1 turns
  4692 | D:6      | Killed a hornet
  4814 | D:6      | Found a runed translucent door.
  4815 | D:6      | Noticed Crazy Yiuf
  4822 | D:6      | Killed Crazy Yiuf
  4890 | D:6      | Reached **** piety under Trog
  5055 | D:7      | Reached XP level 9. HP: 87/87 MP: 8/8
  5078 | D:7      | Reached skill level 5 in Fighting
  5078 | D:7      | Reached skill level 5 in Dodging
  5089 | D:7      | Noticed Joseph
  5244 | D:6      | Reached skill level 10 in Unarmed Combat
  5624 | D:7      | Killed Joseph
  5814 | D:7      | Found a burning altar of Makhleb.
  5866 | D:7      | Reached ***** piety under Trog
  5967 | D:7      | Reached skill level 1 in Throwing
  6252 | D:8      | Found a hide-covered altar of Uskayaw.
  6255 | D:8      | Noticed Prince Ribbit
  6275 | D:8      | Killed Prince Ribbit
  6276 | D:8      | Reached skill level 1 in Evocations
  6276 | D:8      | Reached XP level 10. HP: 98/98 MP: 9/9
  6309 | D:8      | Noticed Psyche
  6314 | D:8      | Killed Psyche
  6522 | D:8      | Reached skill level 11 in Unarmed Combat
  6580 | D:6      | Bought a golden potion for 26 gold pieces
  6580 | D:6      | Bought an emerald potion for 26 gold pieces
  7136 | D:9      | Found a shimmering blue altar of Sif Muna.
  7511 | D:9      | Found Yzuet's Distillery.
  7517 | D:9      | Bought a potion of heal wounds for 80 gold pieces
  7517 | D:9      | Bought a potion of heal wounds for 80 gold pieces
  7517 | D:9      | Bought a potion of heal wounds for 80 gold pieces
  7517 | D:9      | Bought a potion of heal wounds for 80 gold pieces
  7603 | D:9      | Found an opulent altar of Gozag.
  7800 | D:9      | Received a gift from Trog
  7807 | D:9      | Got a sapphire quick blade {god gift}
  7808 | D:9      | Identified the +4 quick blade "Moxau" {vorpal, +Blink Will-
                  | Stlth+} (Trog gifted it to you on level 9 of the Dungeon)
  8007 | D:10     | Entered Level 10 of the Dungeon
  8990 | D:10     | Found a staircase to the Lair.
  9095 | Lair:1   | Entered Level 1 of the Lair of Beasts
  9104 | Lair:1   | Noticed Gastronok
  9105 | Lair:1   | Noticed a six-headed hydra
  9118 | Lair:1   | Killed a six-headed hydra
  9119 | Lair:1   | Reached XP level 11. HP: 67/107 MP: 10/10
  9289 | Lair:1   | Killed Gastronok
  9290 | Lair:1   | Reached skill level 12 in Unarmed Combat
  9654 | Lair:1   | Noticed an oklob plant
  9654 | Lair:1   | Noticed an oklob plant
  9654 | Lair:1   | Noticed an oklob plant
 10266 | Lair:2   | Found a staircase to the Shoals.
 10570 | Lair:2   | Found a staircase to the Snake Pit.
 11201 | Lair:1   | Reached skill level 5 in Throwing
 11421 | Lair:2   | Reached skill level 13 in Unarmed Combat
 11908 | Lair:3   | Noticed a five-headed hydra
 11996 | Lair:3   | Reached XP level 12. HP: 100/119 MP: 11/11
 12170 | Lair:3   | Noticed an eight-headed hydra
 12175 | Lair:3   | Killed an eight-headed hydra
 12613 | Lair:3   | Killed a five-headed hydra
 13335 | Lair:4   | Noticed Muaziggi's ghost (journeyman GnIE)
 13336 | Lair:4   | Noticed a minotaur
 13442 | Lair:4   | Noticed a catoblepas
 13453 | Lair:4   | Killed a catoblepas
 13521 | Lair:4   | Found a runed translucent gate.
 13522 | Lair:4   | Found a runed translucent gate.
 13524 | Lair:4   | Found a runed translucent gate.
 13530 | Lair:4   | Noticed a death yak
 13637 | Lair:3   | Reached skill level 5 in Evocations
 14358 | Lair:4   | Reached skill level 14 in Unarmed Combat
 14631 | Lair:5   | Noticed a death yak
 14631 | Lair:5   | Noticed a death yak
 14631 | Lair:5   | Noticed a death yak
 14641 | Lair:4   | Killed a death yak
 14689 | Lair:5   | Killed a death yak
 14693 | Lair:5   | Killed a death yak
 14694 | Lair:5   | Reached XP level 13. HP: 104/128 MP: 12/12
 15639 | Lair:6   | Entered Level 6 of the Lair of Beasts
 15971 | D:11     | Noticed Urug
 15985 | D:11     | Killed Urug
 16214 | D:11     | Received a gift from Trog
 16459 | D:11     | Noticed Fannar
 16471 | D:11     | Killed Fannar
 16725 | D:12     | Found a staircase to the Orcish Mines.
 17757 | Orc:1    | Entered Level 1 of the Orcish Mines
 17757 | Orc:1    | Found a roughly hewn altar of Beogh.
 18018 | D:12     | Received a gift from Trog
 18478 | Orc:1    | Found a roughly hewn altar of Beogh.
 18478 | Orc:1    | You fall into a shaft and drop 1 floor!
 18478 | Orc:2    | Entered Level 2 of the Orcish Mines
 18549 | Orc:1    | Reached skill level 15 in Unarmed Combat
 18700 | Orc:2    | Found a staircase to the Elven Halls.
 18712 | Orc:2    | Paralysed by an orc sorcerer for 2 turns
 19467 | Orc:2    | Found Ovuhikhe's Book Boutique.
 19467 | Orc:2    | Found Cicuok's Jewellery Shop.
 19468 | Orc:2    | Found Luqoorphi's Magic Scroll Shop.
 19471 | Orc:2    | Found Olirafof's General Store.
 19538 | Orc:2    | Bought the ring "Feil" {+Fly Str+3 Slay+2} for 470 gold
                  | pieces
 19589 | Orc:2    | Found a runed translucent gate.
 19593 | Orc:2    | Found a runed translucent gate.
 19594 | Orc:2    | Found a runed translucent gate.
 19614 | Orc:2    | Reached ****** piety under Trog
 19823 | Orc:2    | Noticed kthxbai's ghost (journeyman BaIE)
 20087 | D:5      | Bought the ring "Lythreza" {rElec Str+6 Int+2} for 997 gold
                  | pieces
 20344 | D:13     | Reached XP level 14. HP: 140/140 MP: 13/13
 20405 | D:13     | Found Ablagin's Antique Armour Boutique.
 21251 | D:13     | Received a gift from Trog
 21611 | D:14     | Found a gate to the Vaults.
 21611 | D:14     | Noticed Nessos
 21679 | D:13     | Reached skill level 1 in Armour
 22072 | D:14     | Found a flagged portal.
 22077 | Bailey   | Entered a bailey
 22335 | Bailey   | Received a gift from Trog
 22383 | Bailey   | Noticed an orc warlord
 22395 | Bailey   | Killed an orc warlord
 22786 | D:14     | Reached skill level 10 in Fighting
 22793 | D:14     | Reached skill level 16 in Unarmed Combat
 22795 | D:14     | Killed Nessos
 23115 | D:14     | Found a roughly hewn altar of Beogh.
 23561 | D:15     | Entered Level 15 of the Dungeon
 23572 | D:15     | Reached skill level 10 in Dodging
 23602 | D:15     | Found Vunoe's Distillery.
 23727 | D:15     | Received a gift from Trog
 24263 | D:15     | Reached XP level 15. HP: 149/149 MP: 14/14
 24586 | D:15     | HP: 2/149 [meliai/divine providence[a boggart] (13)]
 24751 | D:15     | Reached skill level 10 in Throwing
 24751 | D:15     | Reached XP level 16. HP: 158/158 MP: 15/15
 24809 | D:15     | Found a staircase to the Depths.
 25380 | Lair:6   | Received a gift from Trog
 25706 | Lair:6   | Noticed Rupert
 25709 | Lair:6   | Killed Rupert
 25761 | Lair:6   | Reached skill level 17 in Unarmed Combat
 25875 | Lair:6   | Found a viscous altar of Jiyva.
 25876 | Lair:6   | Found a staircase to the Slime Pits.
 26590 | Lair:6   | Identified a scroll of acquirement
 26592 | Lair:6   | Acquired a manual of Dodging
 26631 | Lair:6   | Got a faintly glowing lapis lazuli ring
 27319 | D:5      | Bought an uncursed amulet of reflection for 390 gold pieces
 27439 | Shoals:1 | Entered Level 1 of the Shoals
 27563 | Shoals:1 | Identified the ring "Nues" {rElec rC+ Str+4 Dex+3} (You
                  | found it on level 6 of the Lair of Beasts)
 28453 | Shoals:1 | Noticed Josephine
 28459 | Shoals:1 | Killed Josephine
 28462 | Shoals:1 | Received a gift from Trog
 28524 | Shoals:1 | Reached skill level 5 in Armour
 28828 | Shoals:2 | Noticed Ilsuiw
 29122 | Shoals:2 | Reached XP level 17. HP: 169/169 MP: 16/16
 29546 | Orc:2    | Bought the ring of Taeted {rPois rCorr Str+4} for 475 gold
                  | pieces
 29891 | Shoals:2 | Killed Ilsuiw
 30018 | Shoals:2 | Received a gift from Trog
 31799 | Shoals:4 | Entered Level 4 of the Shoals
 32203 | Shoals:4 | Received a gift from Trog
 32204 | Shoals:4 | Reached skill level 18 in Unarmed Combat
 32653 | Shoals:4 | Noticed Kirke
 32796 | Shoals:4 | Got a barnacled rune of Zot
 32849 | Shoals:4 | Identified the Guide on Attacks and Malediction
 32977 | Snake:1  | Entered Level 1 of the Snake Pit
 33132 | Snake:1  | Found Foxilet's Gadget Emporium.
 33139 | Snake:1  | Found Pappuhef's Jewellery Boutique.
 33140 | Snake:1  | Found Gopnuwn's Gadget Emporium.
 33266 | Snake:1  | Noticed Agnes
 33273 | Snake:1  | Noticed Asterion
 33280 | Snake:1  | HP: 2/170 [Agnes/+4 lajatang of electrocution (32)]
 33280 | Snake:1  | Slain by Asterion

Illustrated notes

Levels and vault maps discovered:
D:1:      dpeg_arrival_connections, layout_loops_corners, minmay_tiny_reverse_x
D:2:      layout_loops_cross
D:3:      layout_loops_ring, uniq_natasha, uniq_ijyb
D:4:      layout_basic, minmay_shop_enchanted_jewellery
D:5:      layout_rooms, zin_statuary, fiery_altar_vehumet, temple_doors_ab,
          serial_shops, shop, hex_medium, nemelex_xobeh_ov_fountains_minmay
D:6:      layout_rooms, serial_shops, kennysheep_mini_moat,
          nicolae_shop_waterfront, shop_statue, uniq_maggie,
          uniq_crazy_yiuf_cottage
D:7:      layout_cave_pools, marbit_many_paths, uniq_joseph
D:8:      layout_cave_pods, lemuel_crystal_altar, uniq_prince_ribbit1,
          uniq_psyche
D:9:      layout_roguey, lemuel_crystal_altar, lemuel_coloured_pillars_altar,
          serial_shops, shop, nicolae_benzene_ring, eino_tiny_chamber
D:10:     layout_loops_ring, lair_entry_dummy
D:11:     layout_roguey, uniq_urug, uniq_fannar
D:12:     layout_basic, orc_0_dummy
D:13:     layout_stronghold, serial_shops, shop, minmay_sticks_and_stones
D:14:     layout_loops_ring, david_vaults_3, chequers_serial_rivers_large_a,
          special_room [special_room_orc], enter_bailey_3, uniq_nessos
D:15:     gammafunk_enter_depths_forms, layout_stronghold, serial_shops,
          shop_fountains, serial_bayou_pond_b
Lair:1:   layout_loops_ring, minmay_lair_oklob_chamber, grunt_megastairs_5,
          uniq_gastronok
Lair:2:   layout_big_grid, shoals_dummy_entry,
          minmay_snake_entry_guardpost_small
Lair:3:   layout_cave_pods, grunt_megastairs_2, infiniplex_staircase_pool,
          lemuel_fruit_fields
Lair:4:   layout_gridlike, maelrawn_ghost_gauntlet_escape, serial_bayou_pond_b,
          grunt_megastairs_4
Lair:5:   layout_cave_pods, minivault_19
Lair:6:   hangedman_lair_caniforms_friends, layout_cave_shapes, slime_altar_1,
          uniq_rupert
Shoals:1: layout_shoals, nicolae_shoals_siren_and_animal_friends, uniq_josephine
Shoals:2: layout_shoals, uniq_ilsuiw
Shoals:3: layout_shoals, nicolae_shoals_square_sea_wall
Shoals:4: shoals_end_grunt_ice, layout_shoals, uniq_polyphemus, uniq_kirke
Snake:1:  layout_chambers, serial_shops, shop, serial_bayou_shore_a,
          minmay_shop_grove, uniq_agnes, uniq_asterion
Orc:1:    layout_caves, basic_altar, minmay_orc_temple_b
Orc:2:    st_orc_mages, layout_caves, gammafunk_ghost_necromancy

Skill      XL: |  1  2  3  4  5  6  7  8  9 10 11 12 13 14 15 16 17 |
---------------+----------------------------------------------------+-----
Unarmed Combat | 4 5 6 8 9 10 11 13 14 15 16 17 18 | 18.2
Fighting       | 3 4 6 7 8 9 10 11 | 11.2
Dodging        | 3 4 6 7 8 9 10 11 | 11.8
Throwing       | 1 3 5 6 7 9 10 11 12 | 12.7
Evocations     | 1 2 4 5 6 7 |  7.3
Armour         | 3 5 6 |  6.1

Action                   |  1- 3 |  4- 6 |  7- 9 | 10-12 | 13-15 | 16-18 || total
-------------------------+-------+-------+-------+-------+-------+-------++-------
Melee: Unarmed           |   105 |   120 |   276 |   604 |   939 |   697 ||  2741
       Punch             |       |     3 |    12 |    40 |    89 |    85 ||   229
Throw: Javelin           |       |       |     3 |    38 |    37 |       ||    78
       Large rock        |       |       |       |       |    23 |   163 ||   186
Invok: Berserk           |     2 |     8 |     7 |    15 |     7 |     6 ||    45
       Trog's Hand       |       |       |     1 |     2 |     4 |     5 ||    12
       Brothers in Arms  |       |       |       |     5 |     1 |     5 ||    11
 Abil: Evoke Flight      |       |       |       |       |       |    13 ||    13
Evoke: Wand              |       |       |       |     5 |     7 |    18 ||    30
  Use: Scroll            |       |    11 |    10 |    14 |     6 |    14 ||    55
       Potion            |       |       |     2 |       |     2 |     1 ||     5
 Stab: Sleeping          |     1 |       |       |       |       |       ||     1
       Distracted        |       |     1 |     1 |       |     1 |     2 ||     5
       Petrifying        |       |       |       |       |       |     1 ||     1
       Petrified         |       |       |       |       |       |     1 ||     1
Armor: Animal skin       |    30 |    34 |    20 |       |       |       ||    84
       Acid dragon scale |       |       |    92 |   199 |   260 |   272 ||   823
Dodge: Dodged            |    70 |    99 |   247 |   514 |   690 |   562 ||  2182
Block: Other             |       |       |       |       |       |    79 ||    79
       Reflection        |       |       |       |       |       |    11 ||    11
